AoeStats
← Zeus89

Arena

510745595Analyzed
4v4 RM · 1d ago on Oct 2, 2026· 47m 27s· 8 players
Game mode
Random Map
Map size
Large (8 player)
Population
200
Speed
Normal
Resources
Standard
Victory
Conquest
Starting age
Dark Age
Ending age
Imperial Age
RankedLock teamsTeams togetherTeam positionsShared explorationLock speedFull tech treeHidden civsTurbo modeCheats
Victory
Defeat
🇪🇸 Cumans · Spain
795
+11
🇪🇸 Franks · Spain
794
+11
🇪🇸 Spanish · Spain
734
+13
🇪🇸 Bohemians · Spain
668
+15
🇦🇹 Magyars · Austria
680
-13
🇨🇳 Turks · China
675
-13
🇮🇳 Magyars · India
668
-12
🇮🇳 Mongols · India
664
-12
Swimling
11:43 Feudal Age
17:52 Castle Age
16:02 Double-Bit Axe
17:01 Horse Collar
25:59 Heavy Plow
31:13 Corvinian Army
34:41 Imperial Age
33:12 Man-at-Arms
33:59 Long Swordsman
35:56 Crop Rotation
35:39 Bow Saw
34:53 Two-Handed Swordsman
36:00 Champion
SKS
7:12 Loom
9:28 Feudal Age
10:17 Double-Bit Axe
15:23 Stone Mining
17:52 Castle Age
18:24 Gold Mining
18:25 Pikeman
33:37 Bow Saw
34:16 Elite Skirmisher
35:28 Padded Archer Armor
XzorNEFFEX
13:20 Feudal Age
14:16 Double-Bit Axe
14:23 Horse Collar
23:18 Castle Age
23:03 Stone Mining
23:04 Gold Mining
25:29 Bow Saw
25:25 Heavy Plow
33:50 Imperial Age
32:49 Padded Archer Armor
32:40 Fletching
32:50 Scale Mail Armor
34:52 Leather Archer Armor
34:33 Bodkin Arrow
35:43 Crop Rotation
36:31 Wheelbarrow
36:31 Scale Barding Armor
37:55 Hand Cart
38:05 Corvinian Army
41:12 Chain Mail Armor
42:07 Chemistry
菜酱
11:18 Feudal Age
11:47 Double-Bit Axe
11:44 Horse Collar
15:14 Loom
17:32 Castle Age
20:24 Loom
21:43 Wheelbarrow
22:29 Bow Saw
22:21 Heavy Plow
22:14 Gold Mining
24:13 Stone Mining
30:14 Imperial Age
30:03 Bloodlines
30:44 Gold Shaft Mining
30:41 Hand Cart
32:13 Conscription
32:50 Elite Janissary
33:44 Scale Barding Armor
33:49 Forging
36:45 Chain Barding Armor
37:00 Iron Casting
39:25 Artillery
40:31 Plate Barding Armor
40:56 Blast Furnace
Zeus89
13:17 Feudal Age
13:44 Horse Collar
18:48 Castle Age
17:20 Double-Bit Axe
17:55 Scale Mail Armor
20:35 Bow Saw
20:25 Pikeman
21:12 Padded Archer Armor
22:52 Fletching
34:58 Man-at-Arms
37:23 Wheelbarrow
36:33 Loom
36:55 Heavy Plow
38:48 Fervor
39:02 Sanctity
42:39 Imperial Age
40:28 Hand Cart
44:06 Chemistry
43:27 Ballistics
43:02 Murder Holes
43:21 Masonry
43:21 Fortified Wall
43:24 Halberdier
44:05 Squires
43:51 Arson
44:46 Conscription
44:30 Elite Skirmisher
44:32 Crossbowman
45:32 Leather Archer Armor
46:03 Wagenburg Tactics
ICI1090
2:20 Loom
10:54 Feudal Age
11:37 Double-Bit Axe
11:34 Horse Collar
21:44 Castle Age
25:37 Fletching
25:47 Padded Archer Armor
25:47 Gold Mining
26:26 Bow Saw
27:57 Bodkin Arrow
28:18 Leather Archer Armor
28:08 Scale Barding Armor
30:54 Chain Barding Armor
38:19 Imperial Age
36:13 Scale Mail Armor
36:23 Forging
36:43 Ballistics
36:38 Forging
45:42 Plate Barding Armor
47:00 Ring Archer Armor
47:07 Iron Casting
46:50 Bloodlines
Stanislaus1234
2:03 Loom
11:52 Feudal Age
17:31 Castle Age
16:28 Double-Bit Axe
19:51 Wheelbarrow
20:17 Bow Saw
25:04 Fortified Wall
28:28 Hand Cart
28:49 Town Watch
29:34 Caravan
33:29 Imperial Age
31:44 Gold Mining
31:55 Pikeman
33:31 Town Patrol
34:17 Gold Shaft Mining
34:00 Squires
33:45 Gambesons
34:15 Forging
34:07 Scale Mail Armor
34:33 Conscription
34:16 Halberdier
35:12 Stone Mining
36:15 Iron Casting
35:58 Chain Mail Armor
36:42 Onager
40:40 Husbandry
40:00 Light Cavalry
42:51 Cavalier
44:12 Chivalry
45:36 Paladin
47:39 Scale Barding Armor
48:38 Blast Furnace
pauss33
6:28 Loom
7:15 Loom
10:20 Feudal Age
11:38 Wheelbarrow
10:52 Double-Bit Axe
17:55 Horse Collar
23:14 Castle Age
21:41 Gold Mining
21:42 Stone Mining
24:11 Hand Cart
24:00 Heavy Plow
24:43 Bow Saw
24:45 Pikeman
25:26 Squires
30:42 Stone Shaft Mining
36:37 Ballistics
39:23 Imperial Age
40:20 Elite Conquistador
44:25 Halberdier
45:47 Scale Mail Armor
45:57 Forging
Connection lost

Rejoining the realm…

Still unreachable

The connection could not be restored.

Session expired

The server has moved on; the page needs a fresh start.